 Dungeon Crawl Stone Soup version 0.29.0-4-gdea44cf6ec (webtiles) character file.

Game seed: 3366864375005701563

28 qw the Chopper (level 3, 0/21 HPs)
             Began as a Tengu Warper on Aug 28, 2022.
             Slain by a gnoll
             ... wielding a +0 halberd
              (10 damage)
             ... on level 2 of the Dungeon.
             The game lasted 00:00:06 (1253 turns).

qw the Chopper (Tengu Warper)                       Turns: 1253, Time: 00:00:07

Health: 0/21       AC:  5    Str: 13    XL:     3   Next: 12%
Magic:  7/7        EV: 11    Int: 13    God:
Gold:   30         SH:  0    Dex: 13    Spells: 6/6 levels left

rFire   . . .      SeeInvis .   Y - +0 hand axe
rCold   . . .      Faith    .   (no shield)
rNeg    . . .      Spirit   .   d - +0 ring mail
rPois   .          Reflect  .   (helmet restricted)
rElec   .          Harm     .   (no cloak)
rCorr   .          Rampage  .   (no gloves)
Will    .....                   (boots unavailable)
Stlth   +.........              j - amulet of regeneration
HPRegen 0.87/turn               (no ring)
MPRegen 0.10/turn               (no ring)

@: no status effects
A: beak, talons 3
a: no special abilities


You were on level 2 of the Dungeon.
You visited 1 branch of the dungeon, and saw 2 of its levels.

You collected 30 gold pieces.


Innate Abilities, Weirdness & Mutations

You have a beak for a mouth.
You have claws for feet.


   Skills:
 - Level 2.0 Fighting
 + Level 3.9 Axes
 - Level 1.0 Throwing
 - Level 1.1 Armour
 - Level 2.1 Dodging
 - Level 2.0 Spellcasting
 - Level 2.4 Translocations


You had 6 spell levels left.
You didn't know any spells.
Your spell library contained the following spells:

 Spells                   Type           Power      Damage    Failure   Level
 Blink                    Tloc           14%        N/A       30%         2
 Gell's Gravitas          Tloc           7%         N/A       52%         3
 Lesser Beckoning         Tloc           7%         N/A       52%         3
 Teleport Other           Tloc           7%         N/A       52%         3
 Manifold Assault         Tloc           7%         N/A       99%         5

Inventory:

Hand Weapons
 i - a +0 whip
 Y - a +0 hand axe (weapon)
Armour
 d - a +0 ring mail (worn)
Jewellery
 j - an amulet of regeneration (around neck)

Dungeon Overview and Level Annotations

Branches:
Dungeon (2/15)

Altars:

Shops:
D:1 (


Message History

The ball python bites you but does no damage.
The ball python grabs you. The ball python constricts you.
You hit the ball python. Your kick misses the ball python.
You peck the ball python.
You kill the ball python!
An endoplasm comes into view.
The endoplasm quivers.
There is an open door here.
Things that are here:
a +0 whip; 5 stones; a ball python corpse You hit the endoplasm.
You claw the endoplasm. Your peck misses the endoplasm.
The endoplasm is almost dead.
The endoplasm hits you but does no damage.
You barely miss the endoplasm. You claw the endoplasm.
You kill the endoplasm!
You see here the +9 short sword "Nengoyne" {holy, Contam Str+3 Int+7 Dex-3}.
A gnoll comes into view. It is wielding a +0 club.
A gnoll comes into view. It is wielding a +0 halberd.
1245 ||| Stepping ~*~*~tactically~*~*~ (stealth).
There is an open door here.
Things that are here:
a +0 whip; 5 stones; a ball python corpse
1246 ||| Stepping ~*~*~tactically~*~*~ (stealth). 2 gnolls come into view.
There is an open door here.
Things that are here:
a +0 whip; 5 stones; a ball python corpse
1248 ||| Stepping ~*~*~tactically~*~*~ (hiding).
You start waiting.
A gnoll is nearby!
The gnoll barely misses you.
There is an open door here.
Things that are here:
a +0 whip; 5 stones; a ball python corpse The gnoll hits you with a +0 halberd!
The gnoll hits you with a +0 flail.
You closely miss the gnoll. You peck the gnoll. Your punch misses the gnoll.
The gnoll is moderately wounded.
You barely miss the gnoll. The gnoll hits you with a +0 halberd!
You die...

###### #...<#
############
#.####
#..........# #.#
#..........# #.#
#..........#
#.####
#...........
#....##
#....g......
##....#
#..)@gg.....
#.#..#
####)###'#...
##.#..###....#
###..#....>.####
#....#.###..#
##.#.........#
##.#....#....#
##.#.#........
##.#.##.(....#.


You could see 3 gnolls.

Vanquished Creatures
  A dart slug (D:1)
  A ball python (D:2)
  3 endoplasms
  2 giant cockroaches (D:1)
  2 goblins (D:1)
  2 quokkas (D:1)
  3 bats (D:1)
  A frilled lizard (D:2)
  5 kobolds
  5 rats (D:1)
25 creatures vanquished.

Notes
Turn   | Place    | Note
-------+----------+-------------------------------------------
     0 | D:1      | qw the Tengu Warper began the quest for the Orb.
     0 | D:1      | Reached XP level 1. HP: 12/12 MP: 4/4
     0 | D:1      | 0 ||| qw: Version: 0.1-a-89-g26bdef1
     0 | D:1      | 0 ||| qw: Game counter: 3313
     0 | D:1      | 0 ||| qw: Always use a shield: true
     0 | D:1      | 0 ||| qw: God list: Okawaru
     0 | D:1      | 0 ||| qw: Allow faded altars: false
     0 | D:1      | 0 ||| qw: Do Orc after D:15 true
     0 | D:1      | 0 ||| qw: Do second Lair branch before Depths: true
     0 | D:1      | 0 ||| qw: Lair rune preference: random
     0 | D:1      | 0 ||| qw: Plans: Normal
     0 | D:1      | 0 ||| PLANNING D:1-11
   239 | D:1      | Reached XP level 2. HP: 16/17 MP: 6/6
   241 | D:1      | Reached skill level 3 in Axes
   308 | D:1      | 308 ||| Stepping ~*~*~tactically~*~*~ (stealth).
   312 | D:1      | 312 ||| Stepping ~*~*~tactically~*~*~ (stealth).
   313 | D:1      | 313 ||| Stepping ~*~*~tactically~*~*~ (stealth).
   609 | D:1      | 609 ||| DROPPING +0 club.
   644 | D:1      | Found Suogril's Weapon Shop.
   649 | D:1      | 649 ||| SHOPLISTING +1 flail of protection (134 gold, have
                  | 14).
   945 | D:1      | Found a faded altar of an unknown god.
   977 | D:1      | 977 ||| Stepping ~*~*~tactically~*~*~ (stealth).
  1058 | D:1      | Reached XP level 3. HP: 21/21 MP: 7/7
  1107 | D:1      | 1107 ||| UPGRADING to +0 ring mail.
  1117 | D:1      | 1117 ||| DROPPING +0 leather armour.
  1118 | D:1      | 1118 ||| DROPPING amulet of faith.
  1119 | D:1      | 1119 ||| UPGRADING to amulet of regeneration.
  1124 | D:1      | 1124 ||| READING scroll labelled URIGYN USEHESH.
  1125 | D:1      | 1125 ||| READING scroll labelled VETOVV ZERCHA.
  1126 | D:1      | 1126 ||| READING scroll labelled QAEDEO SOEPT.
  1129 | D:1      | 1129 ||| READING scroll labelled CUL WIYRUGGUAS.
  1130 | D:1      | 1130 ||| DROPPING scroll of blinking.
  1240 | D:2      | Identified the +9 short sword "Nengoyne" {holy, Contam
                  | Str+3 Int+7 Dex-3}
  1245 | D:2      | 1245 ||| Stepping ~*~*~tactically~*~*~ (stealth).
  1246 | D:2      | 1246 ||| Stepping ~*~*~tactically~*~*~ (stealth).
  1248 | D:2      | 1248 ||| Stepping ~*~*~tactically~*~*~ (hiding).
  1253 | D:2      | Slain by a gnoll

Levels and vault maps discovered:
D:1:      dpeg_arrival_rooms_b, layout_loops_ring,
          shapermc_ecumenical_altar_mp_highgroup, serial_shops, shop_statue
D:2:      layout_basic, basic_altar, serial_glass, glass_columns_b,
          glass_columns_a, serial_bayou_pond_c, uniq_natasha

Skill      XL: |  1  2 |
---------------+-------+-----
Axes           | 3 |  3.9
Fighting       | |  2.0
Throwing       | |  1.0
Armour         | |  1.1
Dodging        | |  2.1
Spellcasting   | |  2.0
Translocations | |  2.4

Action                   || total
-------------------------++-------
Melee: Hand axe          ||    49
       Kick              ||    14
       Peck              ||     8
Throw: Boomerang         ||     7
  Use: Scroll            ||     4
Armor: Leather armour    ||    11
       Ring mail         ||     3
Dodge: Dodged            ||    22

Table legend:
 A = Non-vault XP
 B = Vault XP
 C = Vault XP percentage of total XP
 D = Non-vault monster count
 E = Vault monster count
 F = Vault count percentage of total count
                 A         B        C        D         E       F
            +---------+---------+-------+---------+---------+-------
      Total |      40 |       0 |   0.0 |      25 |       0 |   0.0
            +---------+---------+-------+---------+---------+-------
        D:1 |      34 |       0 |   0.0 |      21 |       0 |   0.0
        D:2 |       6 |       0 |   0.0 |       4 |       0 |   0.0
            +---------+---------+-------+---------+---------+-------
